 Dungeon Crawl Stone Soup version 0.17.0-28-g6e173f8 (console) character file.

780 Kloppie the Firebug (level 7, -2/50 HPs)
             Began as a Pale Draconian Fire Elementalist on Dec 3, 2015.
             Slain by a giant gecko (4 damage)
             ... on level 4 of the Dungeon.
             The game lasted 00:11:25 (6633 turns).

Kloppie the Firebug (DrFE)                          Turns: 6633, Time: 00:11:25

Health: -2/50      AC:  6    Str: 10    XL:     7   Next: 55%
Magic:  0/10       EV: 12    Int: 17    God:
Gold:   186        SH:  0    Dex: 12    Spells: 4 memorised, 0 levels left

rFire  . . .     SeeInvis .     t - +0 long sword
rCold  . . .     Clarity  .     (armour unavailable)
rNeg   . . .     SustAt   .     (no shield)
rPois  .         Gourm    .     (helmet restricted)
rElec  .         Spirit   .     (no cloak)
rCorr  .         Warding  .     (no gloves)
rMut   .         Rnd*Tele +     (no boots)
MR     .....                    n - amulet of inaccuracy (curse)
Stlth  ++........               m - ring of teleportation (curse)
                                c - ring of invisibility

@: not resistant to hostile enchantments, unstealthy
A: breathe steam, unfitting armour, cold-blooded, AC +6
a: Breathe Steam, Evoke Invisibility, Evoke Teleportation


You were on level 4 of the Dungeon.
You were not hungry.

You visited 1 branch of the dungeon, and saw 4 of its levels.

You collected 186 gold pieces.

Inventory:

Hand Weapons
 t - a +0 long sword (weapon)
Jewellery
 c - a ring of invisibility (left hand)
 m - a cursed ring of teleportation (right hand)
 n - a cursed amulet of inaccuracy (around neck)
 w - the ring of Zakudobemeh {rPois rN+ Int+4 Dex-2 Slay+4}
   (You found it on level 4 of the Dungeon)

   [ring of slaying]

   It affects your intelligence (+4).
   It affects your dexterity (-2).
   It affects your accuracy and damage with ranged weapons and melee attacks
   (+4).
   It protects you from poison.
   It protects you from negative energy.
Scrolls
 h - 3 scrolls of teleportation
 j - 5 scrolls of identify
 k - a scroll of remove curse {unknown}
 o - 3 scrolls of magic mapping {unknown}
 q - a scroll of amnesia {unknown}
 v - a scroll of random uselessness {unknown}
 x - a scroll of enchant weapon {unknown}
Potions
 g - a potion of agility {unknown}
 l - a potion of flight {unknown}
 p - a potion of ambrosia {unknown}
 r - a potion of berserk rage {unknown}
 s - a potion of degeneration {unknown}
 u - a potion of might {unknown}
Books
 a - a book of Flames

   Spells                             Type                      Level
   a - Flame Tongue                   Conjuration/Fire             1
   b - Throw Flame                    Conjuration/Fire             2
   c - Conjure Flame                  Conjuration/Fire             3
   d - Inner Flame                    Hexes/Fire                   3
   e - Sticky Flame                   Conjuration/Fire             4
   f - Fireball                       Conjuration/Fire             5
Comestibles
 b - 3 bread rations
 d - 2 meat rations
 f - 2 beef jerkies
 z - a chunk of flesh


   Skills:
 - Level 1.7 Dodging
 - Level 1.7 Stealth
 - Level 2.6 Spellcasting
 + Level 5.5 Conjurations
 - Level 2.0 Hexes
 + Level 6.8 Fire Magic


You couldn't memorise any spells.
You knew the following spells:

 Your Spells              Type           Power        Failure   Level  Hunger
a - Flame Tongue          Conj/Fire      ###..        1%          1    #......
b - Conjure Flame         Conj/Fire      ###.....     6%          3    ###....
c - Inner Flame           Hex/Fire       ###.....     10%         3    ###....
d - Sticky Flame          Conj/Fire      ###.....     17%         4    #####..


Dungeon Overview and Level Annotations

Branches:
Dungeon (4/15)
 Temple: D:4-7

Altars:
Gozag
Qazlal
Yredelemnul
The Shining One

Annotations:
D:2 Natasha
D:3 Ohli's ghost, amateur FoFi


Innate Abilities, Weirdness & Mutations

You can breathe blasts of scalding, opaque steam.
Your pale cyan-grey scales are hard (AC +6).
Your body does not fit into most forms of armour.
You are cold-blooded and may be slowed by cold attacks.


Message History

The orc wizard hits you but does no damage.
The orc wizard closely misses you.
An orc comes into view. It is wielding a mace.
Drink which item? (? for menu, Esc to quit)
Okay, then.
Read which item? (? for menu, Esc to quit)
Okay, then.
You hit the orc wizard.
The orc wizard is heavily wounded.
The orc wizard closely misses you. The orc wizard hits you with a dagger.
* * * LOW HITPOINT WARNING * * *
Casting: Flame Tongue
Confirm with . or Enter, or press ? or * to list all spells.
Aiming: Flame Tongue
Press: ? - help, Shift-Dir - straight line, f/p - orc wizard
Aim: an orc wizard, wielding a dagger and wearing a robe (heavily wounded, fast)
The flame tongue misses the orc wizard.
The flame tongue hits something.
The orc wizard hits you but does no damage.
The giant gecko bites you.
You die...

..................'.........'....
.......###.#.>.####.........##.#.
#.#.##.# #.##.## ##.......###.##
....##.###.#### ##.....## #.##
#.####.##...#### ##...## #... #.#
#.##......# ##+## ####
#.####.##...##.# #.#
#......#######.##### #.# ########
#.o{o@l.# ##.## #
#.#.###.###...## # #.#.#
#.##..>..####### #
#.#.###.###........... #
#.#......###.#.####### #
#.###.......l#.# # #.#
#.#........# #.# #.#.####.### #..
.o.S# #.#


You could see an orc wizard, an orc and a giant gecko.

Vanquished Creatures
  The ghost of karlm the Magician, an amateur DEWz (D:4)
  2 ogres
  A scorpion (D:4)
  A hound (D:4)
  A centaur skeleton (D:4)
  5 orc priests
  An orc wizard (D:4)
  Natasha (D:2)
  3 adders (D:2)
  2 oozes (D:2)
  5 worms
  4 giant geckos
  10 orcs
  13 bats
  4 giant cockroaches
  7 goblins
  11 hobgoblins
  3 jackals (D:2)
  3 kobolds
  4 ball pythons
  4 giant newts
  16 rats
102 creatures vanquished.

Notes
Turn   | Place    | Note
--------------------------------------------------------------
     0 | D:1      | Kloppie the Draconian Fire Elementalist began the quest for the Orb.
     0 | D:1      | Reached XP level 1. HP: 14/14 MP: 3/3
   600 | D:1      | Reached XP level 2. HP: 20/20 MP: 0/5
  2013 | D:2      | Reached XP level 3. HP: 22/26 MP: 0/6
  2055 | D:1      | Learned a level 3 spell: Conjure Flame
  2163 | D:2      | Learned a level 3 spell: Inner Flame
  2456 | D:2      | Found a glowing golden altar of the Shining One.
  2459 | D:2      | Found a basalt altar of Yredelemnul.
  2462 | D:2      | Found an opulent altar of Gozag.
  3128 | D:2      | Reached XP level 4. HP: 26/33 MP: 1/7
  3426 | D:2      | Reached skill level 4 in Fire Magic
  3599 | D:3      | Noticed Ohli's ghost (amateur FoFi)
  3662 | D:3      | Noticed Natasha
  3678 | D:2      | Killed Natasha
  3710 | D:2      | Noticed Natasha
  4071 | D:3      | Noticed an ogre
  4079 | D:3      | Killed an ogre
  4079 | D:3      | Reached XP level 5. HP: 38/38 MP: 0/8
  4257 | D:3      | Found a stormy altar of Qazlal.
  5040 | D:3      | Reached skill level 5 in Fire Magic
  5040 | D:3      | Reached XP level 6. HP: 33/45 MP: 5/9
  5209 | D:4      | Noticed karlm's ghost (amateur DEWz)
  5253 | D:4      | HP: 2/45 [karlm's ghost (1)]
  5254 | D:4      | Killed karlm's ghost
  5254 | D:4      | Reached skill level 1 in Hexes
  5852 | D:4      | Reached skill level 6 in Fire Magic
  5852 | D:4      | Your scales start taking on a pale cyan-grey colour.
  5852 | D:4      | Reached XP level 7. HP: 48/50 MP: 5/10
  5951 | D:4      | Reached skill level 5 in Conjurations
  6067 | D:4      | Learned a level 4 spell: Sticky Flame
  6592 | D:4      | Got a fine marble ring
  6606 | D:4      | Identified the ring of Zakudobemeh {rPois rN+ Int+4 Dex-2 Slay+4} (You found it on level 4 of the Dungeon)
  6632 | D:4      | HP: 2/50 [orc wizard/dagger (2)]
  6633 | D:4      | Slain by a giant gecko

Action                   |  1- 3 |  4- 6 |  7- 9 || total
-------------------------+-------+-------+-------++-------
Melee: Unarmed           |     9 |       |       ||     9
       Dagger            |    23 |       |       ||    23
       Whip              |    16 |    45 |       ||    61
       Long sword        |       |    70 |    22 ||    92
 Cast: Flame Tongue      |    82 |    62 |    29 ||   173
       Conjure Flame     |       |     3 |     1 ||     4
  Use: Scroll            |       |       |     4 ||     4
 Stab: Sleeping          |       |     7 |     1 ||     8
       Distracted        |       |     1 |       ||     1
  Eat: Chunk             |     8 |     8 |     3 ||    19
       Pizza             |       |     1 |       ||     1
